 Dungeon Crawl Stone Soup version 0.24.0-123-gd5b16e6ec5 (webtiles) character file.

Game seed: 13538744775071626843, levelgen mode: deterministic

38 Martska the Chiller (level 3, 0/26 HPs)
             Began as a Merfolk Ice Elementalist on Jan 31, 2020.
             Slain by a jackal (1 damage)
             ... on level 2 of the Dungeon.
             The game lasted 00:03:21 (1205 turns).

Martska the Chiller (Merfolk Ice Elementalist)      Turns: 1205, Time: 00:03:22

Health: 0/26       AC:  3    Str:  8    XL:     3   Next: 43%
Magic:  0/6        EV: 12    Int: 14    God:
Gold:   85         SH:  3    Dex: 15    Spells: 2/6 levels left

rFire    . . .     SeeInvis .   b - +0 spear
rCold    . . .     Gourm    .   e - +0 buckler
rNeg     . . .     Faith    .   i - +0 leather armour
rPois    .         Spirit   .   (no helmet)
rElec    .         Reflect  .   (no cloak)
rCorr    .         Harm     .   (no gloves)
MR       .....                  (no boots)
Stlth    ++........             (no amulet)
HPRegen  0.08/turn              (no ring)
MPRegen  0.10/turn              (no ring)

@: very slightly contaminated
A: change form in water, swift swim, stealthy swim
a: no special abilities


You were on level 2 of the Dungeon.
You were very hungry.

You visited 1 branch of the dungeon, and saw 2 of its levels.

You collected 85 gold pieces.

Inventory:

Hand Weapons
 b - a +0 spear (weapon)
Armour
 a - a +0 robe
 e - a +0 buckler (worn)
 i - a +0 leather armour (worn)
Scrolls
 d - a scroll of fear {unknown}
 f - a scroll of amnesia {unknown}
 g - a scroll of random uselessness {unknown}
 h - 2 scrolls of remove curse {unknown}
 k - a scroll of identify {unknown}
 l - a scroll of immolation {unknown}
Potions
 j - a potion of mutation {unknown}
 m - a potion of degeneration {unknown}
Comestibles
 c - a ration


   Skills:
 + Level 1.1 Fighting
 + Level 1.5 Polearms
 + Level 3.1 Dodging
 - Level 2.5 Stealth
 + Level 2.3 Spellcasting
   Level 0.7 Conjurations
 + Level 0.2 Charms
 + Level 3.5 Ice Magic


You had 2 spell levels left.
You knew the following spells:

 Your Spells              Type           Power        Failure   Level  Hunger
a - Freeze                Ice            ##..         13%         1    #......
b - Ozocubu's Armour      Chrm/Ice       #.......     61%         3    ###....

Your spell library contained the following spells:

 Spells                   Type           Power        Failure   Level  Hunger
 Throw Frost              Conj/Ice       #.....       34%         2    ###....
 Throw Icicle             Conj/Ice       #.......     93%         4    #####..
 Summon Ice Beast         Ice/Summ       #.......     95%         4    #####..


Dungeon Overview and Level Annotations

Branches:
Dungeon (2/15)

Altars:


Message History

* * * LOW HITPOINT WARNING * * *
You block the jackal's attack.
You hit the jackal.
The jackal is heavily wounded.
The jackal bites you.
* * * LOW HITPOINT WARNING * * *
Casting: Freeze (safe; 13% risk of failure)
Confirm with . or Enter, or press ? or * to list all spells.
Aiming: Freeze (safe; 13% risk of failure)
Press: ? - help, Shift-Dir - straight line, f - jackal
Aim: a jackal (heavily wounded)
You freeze the jackal.
You kill the jackal!
The jackal bites you.
* * * LOW HITPOINT WARNING * * *
You hit the jackal but do no damage. You block the jackal's attack.
You hit the jackal.
The jackal is heavily wounded.
The jackal bites you.
You die...

...........
..........##
#.>.........
#.........#
#.........##
........(..##
#...........#
.........#[.#######.#
............†.†h@...#
.........#..#########
#.......##..#
##......###.#
##...### #.# #####
#.# #.# #.#


You could see a jackal.

Vanquished Creatures
  An adder (D:2)
  A dart slug (D:1)
  3 hobgoblins (D:1)
  2 jackals (D:2)
  4 kobolds (D:1)
  A ball python (D:1)
  8 bats
  2 frilled lizards (D:1)
  A goblin (D:1)
  4 rats (D:1)
27 creatures vanquished.

Notes
Turn   | Place    | Note
-------+----------+-------------------------------------------
     0 | D:1      | Martska the Merfolk Ice Elementalist began the quest for
                  | the Orb.
     0 | D:1      | Reached XP level 1. HP: 13/13 MP: 3/3
   450 | D:1      | Reached XP level 2. HP: 20/20 MP: 5/5
   574 | D:1      | Reached skill level 1 in Polearms
   879 | D:1      | Reached skill level 1 in Fighting
  1092 | D:1      | Reached XP level 3. HP: 26/26 MP: 6/6
  1122 | D:1      | Learned a level 3 spell: Ozocubu's Armour
  1203 | D:2      | HP: 1/26 [jackal (3)]
  1205 | D:2      | Slain by a jackal

Levels and vault maps discovered:
D:1:      psy_arrival_spokes, layout_basic
D:2:      layout_loops_ring, lemuel_statue_altar

Skill      XL: |  1  2 |
---------------+-------+-----
Polearms       | 1 |  1.5
Dodging        | 3 |  3.1
Fighting       | 1 |  1.1
Stealth        | |  2.5
Spellcasting   | |  2.3
Conjurations   | |  0.7
Charms         | |  0.2
Ice Magic      | |  3.5

Action                   || total
-------------------------++-------
Melee: Spear             ||   105
 Cast: Freeze            ||     8
 Stab: Sleeping          ||     2
Armor: Robe              ||     8
       Leather armour    ||    26
Dodge: Dodged            ||   116
Block: Buckler           ||    25
